Hideout
507379289Analyzed1v1 RM
·
16d ago on Sep 18, 2026·
30m 44s·
2 players
Game mode
Random Map
Map size
Tiny (2 player)
Population
200
Speed
Normal
Resources
Standard
Victory
Conquest
Starting age
Dark Age
Ending age
Imperial Age
RankedLock teamsTeams togetherTeam positionsShared explorationLock speedFull tech treeHidden civsTurbo modeCheats
Victory
Defeat
Replay analysis
Panelo
5:31
Loom
8:55
Feudal Age
9:02
Man-at-Arms
22:06
Fletching
28:34
Castle Age
28:30
Horse Collar
28:41
Gold Mining
30:32
Bodkin Arrow
Barón de la Cerveza
8:28
Feudal Age
8:22
Loom
12:59
Fletching
20:05
Horse Collar
26:50
Castle Age
27:04
Bloodlines
27:32
Light Cavalry
28:12
Husbandry
29:36
Heavy Plow
29:52
Scale Barding Armor